 Dungeon Crawl Stone Soup version 0.24-a0-434-gd57e52fea8 (console) character file.

Game seed: 6957501717360021251

24388 Lexodia the Martial Artist (level 13, -1/99 HPs)
             Began as a Gnoll Transmuter on June 17, 2019.
             Was a High Priest of Wu Jian.
             Slain by Snorg (14 damage)
             ... on level 14 of the Dungeon.
             The game lasted 00:55:05 (12576 turns).

Lexodia the Martial Artist (Gnoll Transmuter)      Turns: 12576, Time: 00:55:05

Health: -1/99      AC:  8    Str: 12    XL:     13   Next: 12%
Magic:  23/26      EV: 17    Int: 25    God:    Wu Jian [*****.]
Gold:   913        SH:  0    Dex: 14    Spells: 15/30 levels left

rFire    . . .     SeeInvis .     - Unarmed
rCold    + . .     Gourm    .   (shield currently unavailable)
rNeg     . . .     Faith    .   h - +2 robe of Vines {NoPotionHeal Regen+7}
rPois    .         Spirit   .   H - +0 helmet
rElec    .         Reflect  .   j - +0 cloak
rCorr    .         Harm     .   (gloves currently unavailable)
MR       .....     Rnd*Rage +   r - +0 pair of boots
Stlth    ++++......             R - amulet of the acrobat
HPRegen  3.06/turn              y - ring of stealth
MPRegen  0.20/turn              (no ring)

@: exhausted, blade hands, drained
A: distributed training, fangs 1, berserk 1, blurry vision 1, clever 2, clumsy
1, cold resistance 1, screaming 1, strong nose
a: End Transformation, Wall Jump, Serpent's Lash, Heavenly Storm, Renounce
Religion


You were on level 14 of the Dungeon.
You worshipped Wu Jian.
Wu Jian was extremely pleased with you.
You were not hungry.
You had blades for hands.
You visited 1 branch of the dungeon, and saw 14 of its levels.
You also visited: Sewer.

You collected 913 gold pieces.

Inventory:

Hand Weapons
 P - the +5 hand axe "Yqouhye" (melded) {flame, rElec rC+}
   (You found it on level 8 of the Dungeon)

   It has been specially enchanted to burn those struck by it, causing extra
   injury to most foes and up to half again as much damage against particularly
   susceptible opponents.
   Big, fiery blades are also staple armaments of hydra-hunters.
   It protects you from cold.
   It insulates you from electricity.
Missiles
 a - 228 arrows
 i - 13 boomerangs (quivered)
 m - 355 stones
 t - 63 poisoned darts
 A - 2 curare-tipped darts
Armour
 h - the +2 robe of Vines (worn) {NoPotionHeal Regen+7}
   (You found it on level 6 of the Dungeon)

   It increases your rate of regeneration.
 j - a +0 cloak (worn)
 l - a +0 shield
 r - a +0 pair of boots (worn)
 D - a +2 leather armour of fire resistance
 G - a +0 pair of gloves (melded)
 H - a +0 helmet (worn)
 K - a +0 buckler (melded)
Jewellery
 y - a ring of stealth (left scythe-like blade)
 R - an amulet of the acrobat (around neck)
Wands
 f - a wand of disintegration (21)
 L - a wand of digging (6)
 M - a wand of iceblast (9)
 U - a wand of acid (5)
Scrolls
 b - a scroll of acquirement {unknown}
 g - 4 scrolls of remove curse
 k - 4 scrolls of magic mapping {unknown}
 o - 6 scrolls of teleportation
 q - a scroll of fear
 s - 2 scrolls of noise {unknown}
 u - 3 scrolls of random uselessness {unknown}
 v - 5 scrolls of enchant weapon {unknown}
 B - 3 scrolls of identify
 E - 3 scrolls of fog
 I - a scroll of silence {unknown}
 J - a scroll of blinking {unknown}
 N - 4 scrolls of amnesia {unknown}
 O - a scroll of vulnerability {unknown}
 S - a scroll of enchant armour {unknown}
Potions
 c - 5 potions of heal wounds
 e - 2 potions of might
 n - 3 potions of haste
 p - 5 potions of agility
 w - 3 potions of flight {unknown}
 x - 3 potions of berserk rage
 z - 2 potions of ambrosia {unknown}
 C - 5 potions of brilliance
 F - 2 potions of lignification
 T - 2 potions of curing
Comestibles
 d - 20 rations


   Skills:
 + Level 8.3(7.1) Fighting
 + Level 7.8(6.6) Short Blades
 + Level 7.8(6.6) Long Blades
 + Level 7.8(6.6) Axes
 + Level 7.8(6.6) Maces & Flails
 + Level 7.8(6.6) Polearms
 + Level 7.8(6.6) Staves
 + Level 7.8(6.6) Slings
 + Level 7.8(6.6) Bows
 + Level 7.8(6.6) Crossbows
 + Level 7.8(6.6) Throwing
 + Level 7.8(6.6) Armour
 + Level 9.2(7.9) Dodging
 + Level 7.8(6.6) Stealth
 + Level 7.8(6.6) Shields
 + Level 10.2(8.9) Unarmed Combat
 + Level 9.4(8.1) Spellcasting
 + Level 6.5(5.3) Conjurations
 + Level 6.5(5.3) Hexes
 + Level 6.5(5.3) Charms
 + Level 6.5(5.3) Summonings
 + Level 6.5(5.3) Necromancy
 + Level 6.5(5.3) Translocations
 + Level 7.6(6.4) Transmutations
 + Level 6.5(5.3) Fire Magic
 + Level 6.5(5.3) Ice Magic
 + Level 6.5(5.3) Air Magic
 + Level 6.5(5.3) Earth Magic
 + Level 6.5(5.3) Poison Magic
 + Level 8.6(7.4) Invocations
 + Level 7.8(6.6) Evocations


You had 15 spell levels left.
You knew the following spells:

 Your Spells              Type           Power        Failure   Level  Hunger
a - Beastly Appendage     Tmut           #####.       11%         1    None
b - Sticks to Snakes      Tmut           #####...     13%         2    None
c - Spider Form           Tmut/Pois      #####.....   19%         3    None
d - Blade Hands           Tmut           #####.....   50%         5    ####...
e - Passage of Golubria   Tloc           N/A          38%         4    ##.....

Your spell library contained the following spells:

 Spells                   Type           Power        Failure   Level  Hunger
 Blink                    Tloc           N/A          16%         2    None
 Shroud of Golubria       Chrm/Tloc      #####.       16%         2    None
 Gell's Gravitas          Tloc           #####.....   21%         3    None
 Lesser Beckoning         Tloc           #####.....   21%         3    None
 Teleport Other           Tloc           #####...     21%         3    None
 Ice Form                 Ice/Tmut       #####...     34%         4    ##.....


Dungeon Overview and Level Annotations

Branches:
Dungeon (14/15)            Temple (0/1) D:6            Lair (0/6) D:11
    Orc (0/2) D:10
 Vaults: D:13-14

Altars:
Cheibriados
Dithmenos
Fedhas
Gozag
Hepliaklqana
Makhleb
Okawaru
Sif Muna
Trog
Wu Jian
Xom

Shops:
D:5 =   D:13 !

Annotations:
D:12 3 runed translucent doors
D:14 Snorg


Innate Abilities, Weirdness & Mutations

Your experience applies equally to all skills.
You have very sharp teeth.
Your uncanny sense of smell can sniff out nearby items.
You tend to lose your temper in combat.
Scrolls take you a little longer to read.
Your mind is very acute. (Int +4)
You are clumsy. (Dex -2)
Your flesh is cold resistant. (rC+)
You occasionally shout uncontrollably at your foes.


Message History

Snorg is heavily wounded.
You spin and attack Snorg, with incredible momentum.
You slice Snorg!!
Snorg is severely wounded.
Your supernatural speed expires.
You slice Snorg!!
Snorg is almost dead.
Snorg barely misses you. x2; Snorg misses you.
You slash Snorg!
Snorg is almost dead.
Snorg misses you. Snorg barely misses you. Snorg claws you!
* * * LOW HITPOINT WARNING * * *
Huge Dmg: -9%(-9hp) hp: 14%(13hp) Snorg completely misses you. x2; Snorg misses you.
You spin and attack Snorg.
You closely miss Snorg.
Snorg is almost dead.
Snorg bites you.
* * * LOW HITPOINT WARNING * * *
Snorg misses you. Snorg claws you!
You die...

################
#.....#(.......#
#.....#..@.....#
#<........T..$.#
#.....#.########
#....##.#
#)#.###.# #.#..
..# ≈........
≈≈.....###
≈≈.###.# ∆


You could see Snorg (berserk).

Vanquished Creatures
  Kirke (D:13)
  Gastronok (D:11)
  Erolcha (D:12)
  A hydra (D:12)
  4 centaur warriors
  Nergalle (D:10)
  An unseen horror (D:10)
  An orange crystal statue (D:12)
  An ugly thing (D:12)
  A cyclops (D:13)
  A centaur skeleton (D:12)
  2 gargoyles
  2 trolls (D:11)
  4 hornets
  4 slime creatures (D:12)
  3 hippogriffs
  A meliai zombie (D:13)
  Eustachio (D:5)
  A vampire (D:12)
  6 hogs
  A human (D:7)
  A wyvern (D:9)
  9 yaks
  2 hungry ghosts
  6 vampire mosquitoes
  2 soldier ants
  A water moccasin (D:5)
  3 porcupines (D:11)
  An orc warrior (D:9)
  3 sky beasts
  2 black bears
  4 ogres
  3 ice beasts
  4 phantoms
  A necrophage (D:8)
  6 centaurs
  5 crocodiles
  2 big kobolds
  A gnoll sergeant (D:9)
  10 bullfrogs
  A water moccasin zombie (D:7)
  A water moccasin skeleton (D:12)
  7 scorpions
  9 killer bees (D:13)
  An electric eel (D:11)
  8 wights
  7 howler monkeys
  11 crimson imps
  2 centaur zombies
  A quasit (D:10)
  7 hounds
  4 bullfrog zombies
  A gnoll shaman (D:9)
  5 orc priests
  7 jellies
  11 orc wizards
  3 bullfrog skeletons
  4 iguanas
  4 worker ants
  3 hound skeletons
  A worker ant zombie (D:10)
  A howler monkey skeleton (D:5)
  15 adders
  5 gnolls (D:9)
  A river rat (D:5)
  5 shadow imps
  2 oozes
  6 worms
  3 adder zombies
  A dart slug (D:2)
  3 leopard geckos
  42 orcs
  3 ball pythons
  10 giant cockroaches
  9 goblins
  4 hobgoblins
  9 jackals
  8 quokkas
  18 bats
  9 frilled lizards
  A jackal skeleton (D:5)
  30 kobolds
  A leopard gecko skeleton (D:4)
  10 rats
399 creatures vanquished.

Vanquished Creatures (others)
  23 fungi (D:11)
  9 plants (D:11)
32 creatures vanquished.

Grand Total: 431 creatures vanquished

Notes
Turn   | Place    | Note
-------+----------+-------------------------------------------
     0 | D:1      | Lexodia the Gnoll Transmuter began the quest for the Orb.
     0 | D:1      | Reached XP level 1. HP: 17/17 MP: 6/6
    64 | D:1      | Huge Dmg: 3 dmg
    72 | D:1      | Huge Dmg: 3 dmg
    76 | D:1      | Reached XP level 2. HP: 9/23 MP: 7/7
   328 | D:1      | Learned a level 2 spell: Sticks to Snakes
   858 | D:1      | Reached XP level 3. HP: 28/28 MP: 7/9
   965 | D:1      | Reached skill level 5 in Spellcasting
  1012 | D:1      | Learned a level 3 spell: Spider Form
  1055 | D:2      | Reached skill level 1 in Invocations
  1120 | D:2      | Reached skill level 1 in Short Blades
  1120 | D:2      | Reached skill level 1 in Long Blades
  1120 | D:2      | Reached skill level 1 in Axes
  1120 | D:2      | Reached skill level 1 in Maces & Flails
  1120 | D:2      | Reached skill level 1 in Polearms
  1120 | D:2      | Reached skill level 1 in Staves
  1120 | D:2      | Reached skill level 1 in Slings
  1120 | D:2      | Reached skill level 1 in Bows
  1120 | D:2      | Reached skill level 1 in Crossbows
  1120 | D:2      | Reached skill level 1 in Throwing
  1120 | D:2      | Reached skill level 1 in Armour
  1120 | D:2      | Reached skill level 1 in Stealth
  1120 | D:2      | Reached skill level 1 in Shields
  1120 | D:2      | Reached skill level 1 in Evocations
  1128 | D:2      | Huge Dmg: 7 dmg
  1159 | D:2      | Reached XP level 4. HP: 28/34 MP: 11/11
  1871 | D:3      | Found a faded altar of an unknown god.
  1898 | D:3      | Reached skill level 1 in Conjurations
  1898 | D:3      | Reached skill level 1 in Hexes
  1898 | D:3      | Reached skill level 1 in Charms
  1898 | D:3      | Reached skill level 1 in Summonings
  1898 | D:3      | Reached skill level 1 in Necromancy
  1898 | D:3      | Reached skill level 1 in Translocations
  1898 | D:3      | Reached skill level 1 in Fire Magic
  1898 | D:3      | Reached skill level 1 in Ice Magic
  1898 | D:3      | Reached skill level 1 in Air Magic
  1898 | D:3      | Reached skill level 1 in Earth Magic
  1898 | D:3      | Reached skill level 1 in Poison Magic
  1921 | D:3      | Reached XP level 5. HP: 34/40 MP: 9/12
  1967 | D:3      | Became a worshipper of the Wu Jian Council
  1967 | D:3      | Reached * piety under Wu Jian
  2334 | D:3      | Reached ** piety under Wu Jian
  2414 | D:3      | Huge Dmg: 10 dmg
  2418 | D:3      | Huge Dmg: 8 dmg
  2422 | D:3      | Huge Dmg: 8 dmg
  2662 | D:3      | Found a deep blue altar of Sif Muna.
  2856 | D:4      | Found a snail-covered altar of Cheibriados.
  2954 | D:4      | Noticed a sky beast
  2976 | D:4      | Huge Dmg: 9 dmg
  2976 | D:4      | Killed a sky beast
  2976 | D:4      | Reached XP level 6. HP: 27/47 MP: 10/13
  3236 | D:4      | Reached skill level 5 in Dodging
  3618 | D:5      | Entered Level 5 of the Dungeon
  3653 | D:5      | Reached XP level 7. HP: 51/52 MP: 12/15
  3702 | D:5      | Reached skill level 7 in Unarmed Combat
  3718 | D:5      | Found a glowing drain.
  3735 | Sewer    | Entered a sewer
  3979 | Sewer    | Reached *** piety under Wu Jian
  4057 | D:5      | Noticed Eustachio
  4073 | D:5      | Killed Eustachio
  4083 | D:5      | Reached XP level 8. HP: 30/60 MP: 16/16
  4236 | D:5      | Learned a level 5 spell: Blade Hands
  4333 | D:5      | Found a shimmering altar of Xom.
  4420 | D:5      | Found a hazy altar of Hepliaklqana.
  4420 | D:5      | Found a bloodstained altar of Trog.
  4612 | D:5      | Huge Dmg: 12 dmg
  4613 | D:5      | Huge Dmg: 6 dmg
  4614 | D:5      | Huge Dmg: 5 dmg
  4732 | D:5      | Found Xathraid's Jewellery Shoppe.
  5095 | D:5      | Gained mutation: Your mind is acute. (Int +2) [potion of
                  | mutation]
  5095 | D:5      | Gained mutation: Your mind is very acute. (Int +4) [potion
                  | of mutation]
  5219 | D:6      | Reached XP level 9. HP: 62/66 MP: 10/18
  5231 | D:6      | Reached skill level 5 in Transmutations
  5278 | D:6      | Reached **** piety under Wu Jian
  5327 | D:6      | Found the +2 robe of Vines {NoPotionHeal Regen+7}
  5369 | D:6      | Huge Dmg: 12 dmg
  5374 | D:6      | Huge Dmg: 8 dmg
  5498 | D:6      | Found a staircase to the Ecumenical Temple.
  5766 | D:7      | Reached skill level 5 in Fighting
  5772 | D:7      | Reached skill level 8 in Unarmed Combat
  5975 | D:7      | Reached skill level 5 in Invocations
  6000 | D:7      | Found an opulent altar of Gozag.
  6400 | D:7      | Reached XP level 10. HP: 74/74 MP: 20/20
  6505 | D:8      | Found a burning altar of Makhleb.
  6647 | D:8      | Paralysed by a hornet for 3 turns
  6650 | D:8      | Huge Dmg: 40 dmg
  6749 | D:8      | Reached skill level 5 in Short Blades
  6749 | D:8      | Reached skill level 5 in Long Blades
  6749 | D:8      | Reached skill level 5 in Axes
  6749 | D:8      | Reached skill level 5 in Maces & Flails
  6749 | D:8      | Reached skill level 5 in Polearms
  6749 | D:8      | Reached skill level 5 in Staves
  6749 | D:8      | Reached skill level 5 in Slings
  6749 | D:8      | Reached skill level 5 in Bows
  6749 | D:8      | Reached skill level 5 in Crossbows
  6749 | D:8      | Reached skill level 5 in Throwing
  6749 | D:8      | Reached skill level 5 in Armour
  6749 | D:8      | Reached skill level 5 in Stealth
  6749 | D:8      | Reached skill level 5 in Shields
  6749 | D:8      | Reached skill level 5 in Evocations
  6881 | D:8      | Found an iron altar of Okawaru.
  7040 | D:8      | Found a blossoming altar of Fedhas.
  7465 | D:9      | Huge Dmg: 15 dmg
  7573 | D:9      | Noticed a centaur warrior
  7585 | D:9      | Huge Dmg: 14 dmg
  7587 | D:9      | Huge Dmg: 15 dmg
  7587 | D:9      | Killed a centaur warrior
  7656 | D:9      | Found a shadowy altar of Dithmenos.
  7787 | D:9      | Huge Dmg: 15 dmg
  7800 | D:9      | Gained mutation: You occasionally shout uncontrollably at
                  | your foes. [mutagenic glow]
  7801 | D:9      | Huge Dmg: 16 dmg
  7833 | D:9      | Gained mutation: Your flesh is cold resistant. (rC+)
                  | [mutagenic glow]
  7853 | D:9      | Gained mutation: Scrolls take you a little longer to read.
                  | [mutagenic glow]
  7936 | D:9      | Gained mutation: You are clumsy. (Dex -2) [mutagenic glow]
  7963 | D:9      | Gained mutation: You tend to lose your temper in combat.
                  | [mutagenic glow]
  8183 | D:9      | Reached ***** piety under Wu Jian
  8541 | D:9      | Reached XP level 11. HP: 82/82 MP: 15/22
  8834 | D:10     | Entered Level 10 of the Dungeon
  8889 | D:10     | Noticed Nergalle
  8900 | D:10     | Killed Nergalle
  8939 | D:10     | Found a staircase to the Orcish Mines.
  8961 | D:10     | Reached skill level 9 in Unarmed Combat
  9161 | D:10     | Huge Dmg: 10 dmg
  9302 | D:10     | Killed an unseen horror
  9302 | D:10     | Reached skill level 5 in Conjurations
  9302 | D:10     | Reached skill level 5 in Hexes
  9302 | D:10     | Reached skill level 5 in Charms
  9302 | D:10     | Reached skill level 5 in Summonings
  9302 | D:10     | Reached skill level 5 in Necromancy
  9302 | D:10     | Reached skill level 5 in Translocations
  9302 | D:10     | Reached skill level 5 in Fire Magic
  9302 | D:10     | Reached skill level 5 in Ice Magic
  9302 | D:10     | Reached skill level 5 in Air Magic
  9302 | D:10     | Reached skill level 5 in Earth Magic
  9302 | D:10     | Reached skill level 5 in Poison Magic
  9714 | D:11     | Huge Dmg: 16 dmg
  9719 | D:11     | Huge Dmg: 12 dmg
  9722 | D:11     | Huge Dmg: 25 dmg
  9723 | D:11     | Huge Dmg: 8 dmg
  9724 | D:11     | HP: 2/83 [scorpion (6)]
  9725 | D:11     | Huge Dmg: 6 dmg
  9732 | D:11     | Huge Dmg: 9 dmg
  9855 | D:11     | Found a staircase to the Lair.
  9857 | D:11     | Noticed a seven-headed hydra
  9877 | D:11     | Huge Dmg: 23 dmg
  9880 | D:11     | Huge Dmg: 12 dmg
  9911 | D:11     | Huge Dmg: 49 dmg
  9921 | D:11     | Huge Dmg: 24 dmg
  9927 | D:11     | Huge Dmg: 15 dmg
  9972 | D:10     | Paralysed by a hornet for 3 turns
 10026 | D:11     | Huge Dmg: 22 dmg
 10032 | D:11     | Huge Dmg: 13 dmg
 10033 | D:11     | Huge Dmg: 23 dmg
 10034 | D:11     | Huge Dmg: 18 dmg
 10135 | D:11     | Huge Dmg: 32 dmg
 10225 | D:8      | Got a translucent hand axe
 10226 | D:8      | Identified the +5 hand axe "Yqouhye" {flame, rElec rC+}
                  | (You found it on level 8 of the Dungeon)
 10404 | D:11     | Noticed Gastronok
 10410 | D:11     | Huge Dmg: 33 dmg
 10414 | D:11     | Huge Dmg: 17 dmg
 10417 | D:11     | Huge Dmg: 7 dmg
 10422 | D:11     | Huge Dmg: 8 dmg
 10424 | D:11     | Killed Gastronok
 10494 | D:11     | Reached XP level 12. HP: 86/91 MP: 24/24
 10678 | D:12     | Huge Dmg: 28 dmg
 10719 | D:12     | Found a runed translucent door.
 10731 | D:12     | Found a runed translucent door.
 10753 | D:12     | Huge Dmg: 27 dmg
 10762 | D:12     | Huge Dmg: 38 dmg
 10764 | D:12     | Found a runed translucent door.
 10765 | D:12     | Huge Dmg: 51 dmg
 10765 | D:12     | Found a runed translucent door.
 10786 | D:12     | Learned a level 4 spell: Passage of Golubria
 10874 | D:12     | Huge Dmg: 20 dmg
 10972 | D:12     | Noticed Erolcha
 10980 | D:12     | Killed Erolcha
 11150 | D:12     | Huge Dmg: 14 dmg
 11158 | D:12     | Huge Dmg: 13 dmg
 11368 | D:12     | Noticed a six-headed hydra
 11376 | D:12     | Killed a one-headed hydra
 11382 | D:12     | Huge Dmg: 42 dmg
 11555 | D:13     | Noticed a centaur warrior
 11570 | D:13     | Killed a centaur warrior
 11607 | D:13     | Huge Dmg: 40 dmg
 11704 | D:13     | Huge Dmg: 34 dmg
 11769 | D:13     | Found Von Iliu's Distillery.
 11807 | D:13     | Noticed Kirke
 11933 | D:13     | Huge Dmg: 38 dmg
 12001 | D:13     | Reached skill level 10 in Unarmed Combat
 12105 | D:13     | Killed Kirke
 12201 | D:13     | Noticed a centaur warrior
 12211 | D:13     | Killed a centaur warrior
 12211 | D:13     | Reached XP level 13. HP: 78/98 MP: 20/26
 12384 | D:13     | Huge Dmg: 20 dmg
 12396 | D:13     | Huge Dmg: 27 dmg
 12436 | D:13     | Reached ****** piety under Wu Jian
 12558 | D:14     | Noticed Snorg
 12572 | D:14     | Huge Dmg: 18 dmg
 12573 | D:14     | Huge Dmg: 27 dmg
 12575 | D:14     | Huge Dmg: 9 dmg
 12576 | D:14     | Slain by Snorg

Levels and vault maps discovered:
D:1:      dpeg_arrival_castle, layout_basic, grunt_decor_one_mirror
D:2:      kennysheep_six_static_rooms, layout_rooms, hex_tiny,
          kennysheep_generic_room_4
D:3:      layout_loops_ring, chequers_ecumenical_altar_simple_redux,
          led_sif_pool
D:4:      layout_loops_ring, lemuel_doored_altar, first_ration
D:5:      layout_gridville, led_xom_imps, gammafunk_temple_overflow_elements,
          serial_shops, shop, cheibrodos_sewer_entry_sluice, uniq_eustachio
D:6:      layout_cave_pools, temple_doors_cd
D:7:      layout_loops_ring, kennysheep_little_box, grunt_livestock
D:8:      layout_basic, makhleb_blood_cavern_becter, overflow_temple_1_default,
          okawaru_ov_weapons_minmay
D:9:      minmay_s_stair_smasher, layout_loops_ring, grunt_dithmenos_shadows,
          kennysheep_minor_cross
D:10:     layout_roguey, orc_0_dummy, uniq_nergalle
D:11:     layout_basic, due_lair_maze_entry_diamond, st_stairs_14,
          uniq_gastronok
D:12:     layout_cave_pods, minmay_statue_crystal_thing, uniq_erolcha
D:13:     layout_roguey, serial_shops, nicolae_shop_crystal,
          chequers_serial_rivers_micro_d, uniq_kirke
D:14:     layout_basic, skrybe_vaults_entry_preservation, lemuel_round_altar,
          serial_shops, shop_fountains, grunt_gozag_statues, uniq_snorg,
          uniq_azrael, uniq_frances

Skill      XL: |  1  2  3  4  5  6  7  8  9 10 11 12 |
---------------+-------------------------------------+-----
Spellcasting   | 5 6 7 8 9 |  9.4
Invocations    | 1 2 3 4 5 6 7 8 |  8.6
Short Blades   | 1 2 3 4 5 6 7 |  7.8
Long Blades    | 1 2 3 4 5 6 7 |  7.8
Axes           | 1 2 3 4 5 6 7 |  7.8
Maces & Flails | 1 2 3 4 5 6 7 |  7.8
Polearms       | 1 2 3 4 5 6 7 |  7.8
Staves         | 1 2 3 4 5 6 7 |  7.8
Slings         | 1 2 3 4 5 6 7 |  7.8
Bows           | 1 2 3 4 5 6 7 |  7.8
Crossbows      | 1 2 3 4 5 6 7 |  7.8
Throwing       | 1 2 3 4 5 6 7 |  7.8
Armour         | 1 2 3 4 5 6 7 |  7.8
Stealth        | 1 2 3 4 5 6 7 |  7.8
Shields        | 1 2 3 4 5 6 7 |  7.8
Evocations     | 1 2 3 4 5 6 7 |  7.8
Conjurations   | 1 2 3 4 5 6 |  6.5
Hexes          | 1 2 3 4 5 6 |  6.5
Charms         | 1 2 3 4 5 6 |  6.5
Summonings     | 1 2 3 4 5 6 |  6.5
Necromancy     | 1 2 3 4 5 6 |  6.5
Translocations | 1 2 3 4 5 6 |  6.5
Fire Magic     | 1 2 3 4 5 6 |  6.5
Ice Magic      | 1 2 3 4 5 6 |  6.5
Air Magic      | 1 2 3 4 5 6 |  6.5
Earth Magic    | 1 2 3 4 5 6 |  6.5
Poison Magic   | 1 2 3 4 5 6 |  6.5
Fighting       | 3 4 5 6 7 8 |  8.3
Transmutations | 4 5 6 7 |  7.6
Dodging        | 5 6 7 8 9 |  9.2
Unarmed Combat | 7 8 9 10 | 10.2

Action                   |  1- 3 |  4- 6 |  7- 9 | 10-12 | 13-15 || total
-------------------------+-------+-------+-------+-------+-------++-------
Melee: Unarmed           |    73 |   223 |   247 |   438 |    39 ||  1020
       Headbutt          |     4 |       |     2 |       |       ||     6
       Bite              |     4 |    10 |    16 |    55 |     8 ||    93
       Dagger            |       |    14 |    96 |   116 |       ||   226
       Punch             |       |     2 |     8 |    11 |     2 ||    23
       Kick              |       |       |     9 |       |       ||     9
       Scimitar          |       |       |       |    44 |       ||    44
       Hand axe          |       |       |       |   180 |    55 ||   235
Throw: Boomerang         |       |       |       |     4 |       ||     4
 Cast: Beastly Appendage |     7 |     2 |     4 |       |       ||    13
       Spider Form       |     3 |    17 |    17 |    12 |       ||    49
       Blade Hands       |       |       |     5 |    26 |     4 ||    35
       Sticks to Snakes  |       |       |       |    10 |       ||    10
Invok: Lunge             |       |    19 |    32 |    55 |     3 ||   109
       Whirlwind         |       |    14 |   117 |   146 |    12 ||   289
       Serpent's Lash    |       |       |       |     1 |     1 ||     2
 Abil: Wall Jump         |       |       |     1 |     1 |       ||     2
       End Transformatio |       |       |       |     1 |       ||     1
  Use: Scroll            |       |       |    10 |     3 |       ||    13
       Potion            |       |       |     5 |     6 |       ||    11
 Stab: Sleeping          |     3 |     8 |    13 |    22 |     1 ||    47
       Distracted        |       |       |     1 |     3 |       ||     4
       Fleeing           |       |       |       |     1 |       ||     1
  Eat: Chunk             |     1 |     9 |    12 |    24 |       ||    46
       Ration            |       |       |       |     1 |     1 ||     2
Armor: Robe              |     6 |    11 |    13 |   138 |    12 ||   180
       Skin              |       |     3 |     5 |     9 |       ||    17
       Leather armour    |       |       |     7 |       |       ||     7
Dodge: Dodged            |    44 |   200 |   279 |   558 |    88 ||  1169
Block: Buckler           |       |       |       |    74 |    17 ||    91
       Rpst.: Scimitar   |       |       |       |    11 |       ||    11

Table legend:
 A = Non-vault XP
 B = Vault XP
 C = Vault XP percentage of total XP
 D = Non-vault monster count
 E = Vault monster count
 F = Vault count percentage of total count
                 A         B        C        D         E       F
            +---------+---------+-------+---------+---------+-------
      Total |   22604 |   12236 |  35.1 |     319 |      80 |  20.1
            +---------+---------+-------+---------+---------+-------
        D:1 |      38 |       0 |   0.0 |      21 |       0 |   0.0
        D:2 |      70 |      12 |  14.6 |      22 |       7 |  24.1
        D:3 |     116 |       0 |   0.0 |      45 |       0 |   0.0
        D:4 |     364 |       0 |   0.0 |      12 |       0 |   0.0
        D:5 |     776 |     431 |  35.7 |      25 |       8 |  24.2
        D:6 |     957 |       0 |   0.0 |      22 |       0 |   0.0
        D:7 |     791 |     971 |  55.1 |      17 |       5 |  22.7
        D:8 |    1496 |     133 |   8.2 |      20 |       2 |   9.1
        D:9 |    2182 |    1707 |  43.9 |      26 |      13 |  33.3
       D:10 |    1467 |    1153 |  44.0 |      11 |       3 |  21.4
       D:11 |    2787 |    3234 |  53.7 |      27 |      12 |  30.8
       D:12 |    4593 |    1648 |  26.4 |      26 |       2 |   7.1
       D:13 |    6967 |    2817 |  28.8 |      45 |       4 |   8.2
      Sewer |       0 |     130 | 100.0 |       0 |      24 | 100.0
            +---------+---------+-------+---------+---------+-------
